 Dungeon Crawl Stone Soup version 0.14-a0-848-g57a047c (webtiles) character file.

4005 PolkaDot the Conjurer (level 9, -7/57 HPs)
             Began as a Vampire Conjurer on Nov 14, 2013.
             Was a Priest of Vehumet.
             Killed from afar by Erolcha (23 damage)
             ... with a bolt of cold
             ... on Level 8 of the Dungeon.
             The game lasted 00:40:08 (10170 turns).

PolkaDot the Conjurer (Vampire Conjurer)           Turns: 10170, Time: 00:40:08

HP  -7/57        AC  5     Str  7      XL: 9   Next: 91%
MP   3/14        EV 12     Int 22      God: Vehumet [***...]
Gold 305         SH  0     Dex 14      Spells:  3 memorised,  4 levels left

Res.Fire  : . . .   See Invis. : +   f - +1,+0 dagger
Res.Cold  : . . .   Warding    : .   a - +0 robe
Life Prot.: + + .   Conserve   : .   (no shield)
Res.Poison: .       Res.Corr.  : .   h - +0 wizard hat
Res.Elec. : .       Clarity    : .   (no cloak)
Sust.Abil.: . .     Spirit.Shd : .   n - +1 pair of dwarf gauntlets
Res.Mut.  : .       Stasis     : .   u - +0 pair of boots
Res.Rott. : .       Flight     : .   (no amulet)
Saprovore : . . .                    s - +0,+6 ring of slaying
                                     r - ring of positive energy

@: somewhat resistant to hostile enchantments, stealthy
A: bottle blood, fangs 3, see invisible, unbreathing, Int +2
a: Bat Form, Bottle Blood, Renounce Religion


You were on level 8 of the Dungeon.
You worshipped Vehumet.
Vehumet was most pleased with you.
You were not thirsty.

You visited 2 branches of the dungeon, and saw 9 of its levels.

You collected 305 gold pieces.

Inventory:

Hand weapons
 f - a +1,+0 dagger (weapon)
Armour
 a - a +0 robe (worn)
 h - a +0 wizard hat (worn)
 n - a +1 pair of dwarven gauntlets (worn)
 u - a +0 pair of boots (worn)
Magical devices
 g - a wand of random effects (9)
 q - a wand of disintegration (10) {unknown}
Scrolls
 b - 4 scrolls of remove curse
 d - 2 scrolls of blinking {unknown}
 i - 9 scrolls of identify
 j - 2 scrolls of fog {unknown}
 k - a scroll of magic mapping {unknown}
 l - 2 scrolls of teleportation {unknown}
 m - a scroll of curse jewellery {unknown}
 o - 2 scrolls of enchant weapon II {unknown}
 t - a scroll of acquirement {unknown}
 v - a scroll of noise {unknown}
 x - 2 scrolls of enchant weapon I {unknown}
 y - 2 scrolls of curse weapon {unknown}
 z - 3 scrolls of recharging {unknown}
 B - a scroll of vulnerability {unknown}
Jewellery
 r - a ring of positive energy (left hand)
 s - a +0,+6 ring of slaying (right hand)
 C - an uncursed ring of positive energy
Potions
 e - 3 potions of restore abilities
 p - 5 potions of curing
 w - a potion of heal wounds
Books
 c - a book of Conjurations

   Spells                             Type                      Level
   *Magic Dart                        Conjuration                  1
   *Searing Ray                       Conjuration                  2
   *Dazzling Spray                    Conjuration/Hexes            3
   Iskenderun's Mystic Blast          Conjuration                  4
   Iskenderun's Battlesphere          Conjuration/Charms           4
   Fulminant Prism                    Conjuration/Hexes            5
 A - a book of Hinderance

   Spells                             Type                      Level
   Confusing Touch                    Hexes                        1
   Slow                               Hexes                        2
   Confuse                            Hexes                        3
   Petrify                            Transmutation/Earth          4
   Leda's Liquefaction                Hexes/Earth                  4
   Metabolic Englaciation             Hexes/Ice                    6


   Skills:
 - Level 2.1 Dodging
 - Level 3.0 Stealth
 - Level 1.0 Spellcasting
 * Level 10.6 Conjurations
 + Level 7.3 Hexes


You had 4 spell levels left.
You knew the following spells:

 Your Spells              Type           Power        Failure   Level  Hunger
a - Magic Dart            Conj           ####         1%          1    ##.....
d - Dazzling Spray        Conj/Hex       #####...     1%          3    ####...
s - Searing Ray           Conj           #####.       1%          2    ###....


Dungeon Overview and Level Annotations

Branches:
Dungeon (8/16)             Temple (1/1) D:5
    Orc: D:6-11        Lair: D:8-13

Altars:
Ashenzari
Fedhas
Sif Muna
Vehumet
Xom
Yredelemnul
Zin

Annotations:
D:8 Erolcha


Innate Abilities, Weirdness & Mutations

You can bottle blood from corpses.
You have razor-sharp teeth.*
You have supernaturally acute eyesight.
You can survive without breathing.*
Your mind is acute. (Int +2)


Message History

The spray of energy hits Erolcha.
Erolcha is lightly wounded.
Erolcha zaps a wand.
Some rock shatters into small pieces.
There is an open door here.
Casting: Dazzling Spray
Confirm with . or Enter, or press ? or * to list all spells.
Aiming: Dazzling Spray
Press: ? - help, Shift-Dir - straight line, f/p - Erolcha
Aim: Erolcha, wielding a giant spiked club, wearing a robe and carrying a wand of digging {zapped: 1} (lightly wounded)
The spray of energy misses Erolcha.
Casting: Dazzling Spray
Confirm with . or Enter, or press ? or * to list all spells.
Aiming: Dazzling Spray
Press: ? - help, Shift-Dir - straight line, f/p - Erolcha
Aim: Erolcha, wielding a giant spiked club, wearing a robe and carrying a wand of digging {zapped: 1} (lightly wounded)
The spray of energy hits Erolcha.
Erolcha is heavily wounded.
Erolcha points at you and mumbles some strange words.
The bolt of cold hits you!
You die...

##########
#........############
#........'.##.......#
####........#.##.......#
...'........#..'.......#
.###........##.#.......#
## #........# #........#
######'### #@......# #.#
#.O.....# #.# ##'.###.#
#.# #....## #.# ####...#
#.# #.#..# #+#
###.#'.### #........#
#........#


You could see Erolcha.

Vanquished Creatures
  Grinder (D:5)
  A spriggan (D:7)
  Prince Ribbit (D:5)
  A hippogriff (D:7)
  The ghost of TomPliss the Chopper, an average FoFi (D:4)
  Edmund (D:5)
  An ice beast (D:5)
  A phantom (Temple)
  2 sky beasts
  3 centaurs
  3 ogres
  4 giant frogs
  11 killer bees (D:7)
  2 crimson imps (D:5)
  A goliath beetle (D:6)
  5 hounds
  A centaur skeleton (D:4)
  A gnoll shaman (D:6)
  4 orc priests
  2 orc wizards (D:4)
  A scorpion (D:5)
  7 worker ants
  An ogre skeleton (D:7)
  A spectral human (D:5)
  A worker ant zombie (D:3)
  16 gnolls
  9 adders
  3 giant mites
  3 worms
  A giant eyeball (D:5)
  4 giant geckos
  An ooze (D:1)
  20 orcs
  A ball python (D:2)
  5 giant cockroaches
  9 goblins
  8 hobgoblins
  5 jackals
  2 quokkas
  16 bats
  4 giant newts
  A giant spore (D:7)
  8 kobolds
  An orc skeleton (D:4)
  An orc zombie (D:6)
  15 rats
191 creatures vanquished.

Vanquished Creatures (others)
  An orc (D:8)
1 creature vanquished.

Grand Total: 192 creatures vanquished

Notes
Turn   | Place    | Note
--------------------------------------------------------------
     0 | D:1      | PolkaDot, the Vampire Conjurer, began the quest for the Orb.
     0 | D:1      | Reached XP level 1. HP: 13/13 MP: 4/4
   122 | D:1      | Reached XP level 2. HP: 7/19 MP: 0/5
   780 | D:1      | Learned a level 2 spell: Searing Ray
  1218 | D:2      | Reached XP level 3. HP: 24/24 MP: 1/6
  1560 | D:2      | Reached skill level 4 in Conjurations
  1926 | D:3      | Reached XP level 4. HP: 18/30 MP: 4/8
  3070 | D:3      | Reached XP level 5. HP: 35/35 MP: 5/9
  3356 | D:4      | Reached skill level 5 in Conjurations
  3577 | D:4      | Noticed TomPliss' ghost (average FoFi)
  3599 | D:4      | Gained mutation: Your mind is acute. (Int +2) [potion of beneficial mutation]
  3723 | D:4      | Reached XP level 6. HP: 16/37 MP: 3/10
  4523 | D:5      | Entered Level 5 of the Dungeon
  4523 | D:5      | Found a staircase to the Ecumenical Temple.
  4528 | Temple   | Entered the Ecumenical Temple
  4532 | Temple   | Reached skill level 6 in Conjurations
  4655 | Temple   | Became a worshipper of Vehumet
  4671 | D:5      | Reached XP level 7. HP: 11/42 MP: 3/11
  4916 | D:5      | Noticed Grinder
  4922 | D:5      | Learned a level 3 spell: Dazzling Spray
  4938 | D:5      | Killed Grinder
  4938 | D:5      | Reached skill level 7 in Conjurations
  5239 | D:5      | Noticed Prince Ribbit
  5368 | D:5      | Killed Prince Ribbit
  5368 | D:5      | Reached XP level 8. HP: 52/52 MP: 8/13
  5484 | D:5      | Noticed Edmund
  5499 | D:5      | Killed Edmund
  5499 | D:5      | Reached skill level 8 in Conjurations
  5812 | D:5      | Found a basalt altar of Yredelemnul.
  6669 | D:6      | Acquired Vehumet's first power
  6669 | D:6      | Offered knowledge of Freeze by Vehumet.
  7150 | D:6      | Found a deep blue altar of Sif Muna.
  7650 | D:6      | Reached skill level 9 in Conjurations
  7698 | D:6      | Reached skill level 1 in Hexes
  8124 | D:4      | Noticed an ogre
  8130 | D:4      | Killed an ogre
  8346 | D:4      | Offered knowledge of Throw Frost by Vehumet.
  8537 | D:4      | Reached XP level 9. HP: 57/57 MP: 7/14
  8649 | D:4      | Killed TomPliss' ghost
  9079 | D:7      | Reached skill level 5 in Hexes
  9321 | D:7      | Offered knowledge of Inner Flame by Vehumet.
  9321 | D:7      | Reached skill level 10 in Conjurations
  9466 | D:7      | Found a shimmering altar of Xom.
  9909 | D:7      | Acquired Vehumet's second power
 10116 | D:8      | Noticed Erolcha
 10170 | D:8      | Killed from afar by Erolcha

Action                   |  1- 3 |  4- 6 |  7- 9 || total
-------------------------+-------+-------+-------++-------
Melee: Dagger            |    45 |    61 |    30 ||   136
 Cast: Magic Dart        |    74 |    44 |   108 ||   226
       Searing Ray       |       |    23 |    75 ||    98
       Dazzling Spray    |       |       |     3 ||     3
Evoke: Wand              |       |       |     1 ||     1
  Use: Potion            |     1 |    12 |     2 ||    15
       Scroll            |       |       |     4 ||     4
 Stab: Sleeping          |     2 |     2 |     2 ||     6
